AoeStats
← SnK | YSYSMOOO

MegaRandom

507802227Analyzed
4v4 RM · 14d ago on Sep 19, 2026· 33m 53s· 8 players
Game mode
Random Map
Map size
Large (8 player)
Population
200
Speed
Normal
Resources
Standard
Victory
Conquest
Starting age
Dark Age
Ending age
Imperial Age
RankedLock teamsTeams togetherTeam positionsShared explorationLock speedFull tech treeHidden civsTurbo modeCheats
Victory
Defeat
🇦🇷 Saracens · Argentina
1672
+13
🇨🇳 Armenians · China
1670
+13
🇨🇳 Lithuanians · China
1602
+16
🇫🇷 Goths · France
1560
+17
🇬🇪 Berbers · Georgia
1653
-17
🇬🇪 Hindustanis · Georgia
1637
-16
🇬🇪 Inca · Georgia
1580
-14
🇬🇪 Turks · Georgia
1538
-12
Marlin
12:13 Feudal Age
10:29 Loom
12:55 Double-Bit Axe
19:52 Castle Age
18:07 Scale Barding Armor
17:44 Horse Collar
18:49 Forging
20:12 Bloodlines
20:05 Light Cavalry
29:55 Wheelbarrow
31:43 Chain Barding Armor
脏丶辫
6:18 Loom
11:55 Feudal Age
12:38 Double-Bit Axe
12:46 Horse Collar
16:34 Wheelbarrow
19:50 Castle Age
18:43 Gold Mining
18:44 Stone Mining
24:47 Fletching
26:38 Medium Warships
26:33 Bodkin Arrow
SnK | YSYSMOOO
4:46 Loom
10:35 Feudal Age
12:04 Town Watch
14:41 Fletching
18:31 Double-Bit Axe
25:33 Castle Age
24:05 Horse Collar
25:01 Padded Archer Armor
25:44 Crossbowman
26:21 Bodkin Arrow
29:32 Wheelbarrow
29:45 Ballistics
30:24 Leather Archer Armor
32:14 Thumb Ring
Hugo4774
4:56 Loom
14:47 Feudal Age
18:24 Castle Age
16:15 Double-Bit Axe
17:41 Fishing Lines
20:14 Scale Barding Armor
21:34 Chain Barding Armor
24:36 Gillnets
26:36 Bloodlines
27:51 Wheelbarrow
27:44 Forging
29:00 Bow Saw
30:32 Caravan
30:52 Husbandry
32:55 Iron Casting
34:33 Clinker Construction
[TMG] sandriko
11:05 Loom
12:50 Feudal Age
17:03 Castle Age
15:51 Double-Bit Axe
17:01 Scale Barding Armor
20:15 Bow Saw
20:41 Fishing Lines
22:56 Chain Barding Armor
23:56 Bloodlines
24:43 Wheelbarrow
24:32 Forging
24:27 Horse Collar
24:42 Gillnets
26:40 Iron Casting
26:22 Husbandry
27:17 Heavy Plow
29:05 Gold Mining
33:47 Caravan
[TMG] Lucipher
6:12 Loom
12:57 Feudal Age
14:00 Double-Bit Axe
16:13 Fletching
22:02 Castle Age
22:50 Bodkin Arrow
22:15 Crossbowman
26:20 Bow Saw
27:37 Padded Archer Armor
28:54 Wheelbarrow
33:07 Town Watch
34:09 Ballistics
[TMG] purple
5:07 Loom
12:39 Feudal Age
13:12 Double-Bit Axe
20:38 Bloodlines
20:49 Scale Barding Armor
21:50 Forging
23:34 Wheelbarrow
26:50 Castle Age
27:38 Husbandry
30:25 Bow Saw
[TMG] zv
6:50 Loom
13:20 Feudal Age
15:10 Double-Bit Axe
17:27 Castle Age
15:57 Gold Mining
15:55 Horse Collar
16:51 Fletching
18:00 Crossbowman
18:53 Bodkin Arrow
20:44 Padded Archer Armor
20:57 Bow Saw
25:02 Leather Archer Armor
27:32 Fishing Lines
31:32 Elite Skirmisher
31:54 Elite Skirmisher
32:40 Thumb Ring
Connection lost

Rejoining the realm…

Still unreachable

The connection could not be restored.

Session expired

The server has moved on; the page needs a fresh start.